 Dungeon Sprint DCSS version 0.27.1 (webtiles) character file.

Game seed: 11312083318948541846

179 styxcanada the Covert (level 5, -5/28 HPs)
             Began as a Spriggan Brigand on Aug 27, 2021.
             Was an Initiate of Gozag.
             Slain by a spriggan (10 damage)
             ... in the Dungeon (Sprint IV: "Fedhas' Mad Dash").
             The game lasted 00:01:49 (381 turns).

styxcanada the Covert (Spriggan Brigand)             Turns: 381, Time: 00:01:49

Health: -5/28      AC:  3    Str:  7    XL:     5   Next: 33%
Magic:  6/6        EV: 19    Int: 12    God:    Gozag
Gold:   149        SH:  0    Dex: 18    Spells: 4/4 levels left

rFire    . . .     SeeInvis +   a - +2 dagger
rCold    . . .     Faith    .   (shield restricted)
rNeg     . . .     Spirit   .   b - +0 robe
rPois    .         Reflect  .   (helmet restricted)
rElec    .         Harm     .   c - +0 cloak
rCorr    .         Rampage  .   (gloves unavailable)
Will     .....     NoTele   +   (boots unavailable)
Stlth    ++++++....             m - amulet of invisibility {+Inv}
HPRegen  0.09/turn              (no ring)
MPRegen  0.10/turn              (no ring)

@: very slightly contaminated, very quick
A: very small, no large weapons, unfitting armour, see invisible, speed 3
a: Renounce Religion, Evoke Invisibility, Potion Petition, Call Merchant, Bribe
Branch


You were in the Dungeon.
You worshipped Gozag.
Gozag was aware of your devotion.
You visited 1 branch You collected 149 gold pieces.

Inventory:

Hand Weapons
 a - a +2 dagger (weapon)
 o - a +0 hunting sling
Missiles
 d - 3 poisoned darts (quivered)
 e - 2 curare-tipped darts
Armour
 b - a +0 robe (worn)
 c - a +0 cloak (worn)
Jewellery
 m - the amulet of invisibility (around neck) {+Inv}
   (You found it in the Dungeon)

   [amulet of nothing]

   +Inv:      It lets you turn invisible.
Scrolls
 k - a scroll of blinking
 l - a scroll of amnesia {unknown}
 n - a scroll of enchant armour {unknown}
Potions
 f - a potion of curing
 g - a potion of heal wounds
 h - a potion of haste
 i - 2 potions of magic
 j - a potion of berserk rage


   Skills:
 * Level 3.3 Fighting
 + Level 3.4 Short Blades
 + Level 3.2 Throwing
 * Level 4.9 Dodging
 * Level 14.0 Stealth
 * Level 2.3 Evocations


You had 4 spell levels left.
You didn't know any spells.
Your spell library was empty.

Dungeon Overview and Level Annotations

Branches:
Dungeon (1/1)

Altars:
Cheibriados
Dithmenos
Elyvilon
Gozag
Hepliaklqana
Kikubaaqudgha
Makhleb
Nemelex Xobeh
Okawaru
Qazlal
Ru
Sif Muna
Trog
Uskayaw
Vehumet
Wu Jian
Xom
Yredelemnul
Zin
The Shining One
Beogh
Jiyva
Lugonu


Innate Abilities, Weirdness & Mutations

You are very small and have problems with some larger weapons.
You are too small for most types of armour.
You have supernaturally acute eyesight. (SInv)
You cover ground extremely quickly. (Speed+++)


Message History

Throw: 7 darts (poison)
Press: ? - help, Q - select action, (/) - cycle Shift-Dir - straight line, f/p - spriggan
Aim: a spriggan, wielding a +0 dagger and wearing a +0 robe (lightly wounded, poisoned, 36% to hit)
You throw a poisoned dart.
The poisoned dart closely misses the spriggan.
The poisoned dart hits the spriggan.
The spriggan is poisoned.
The spriggan hits you with a +0 dagger.
There is a viscous altar of Jiyva here.
You flicker for a moment.
Throw: 6 darts (poison)
Press: ? - help, Q - select action, (/) - cycle Shift-Dir - straight line, f/p - spriggan
Aim: a spriggan, wielding a +0 dagger and wearing a +0 robe (heavily wounded, poisoned, 36% to hit)
You throw a poisoned dart.
The poisoned dart closely misses the spriggan.
The spriggan hits you with a +0 dagger!
* * * LOW HITPOINT WARNING * * *
There is a hazy altar of Hepliaklqana here.
There is an opulent altar of Gozag here.
There is an open door here.
You flicker back into view.
The spriggan looks more healthy.
Throw: 5 darts (poison)
Press: ? - help, Q - select action, (/) - cycle Shift-Dir - straight line, f/p - spriggan
Aim: a spriggan, wielding a +0 dagger and wearing a +0 robe (severely wounded, poisoned, 36% to hit)
You throw a poisoned dart.
The poisoned dart closely misses the spriggan.
The poisoned dart misses the spriggan.
The spriggan looks more healthy.
The spriggan hits you but does no damage.
There is an open door here.
You see here a rat skeleton.
Throw: 4 darts (poison)
Press: ? - help, Q - select action, (/) - cycle Shift-Dir - straight line, f/p - spriggan
Aim: a spriggan, wielding a +0 dagger and wearing a +0 robe (almost dead, 36% to hit)
You throw a poisoned dart. The poisoned dart hits the spriggan.
The spriggan is poisoned.
The spriggan is almost dead.
The spriggan hits you with a +0 dagger!
You die...
Your body crumbles into a pile of gold.

########################
#<÷.P#.....#.....#.⌠._._
#PP..'.@ii.'.#.i.'.._._.
#PPPP#.....#.#...#..._._
###############+##.._._.
#._._._ $ $#######


$$$$ $ You could see 2 spriggans.

Vanquished Creatures
  A scorpion (D)
  3 oklob saplings (D)
  A river rat (D)
  A rat (D)
6 creatures vanquished.

Notes
Turn   | Place    | Note
-------+----------+-------------------------------------------
     0 | D        | styxcanada the Spriggan Brigand began the quest for the
                  | Orb.
     0 | D        | Reached XP level 1. HP: 10/10 MP: 2/2
    17 | D        | Reached skill level 8 in Stealth
    17 | D        | Reached XP level 2. HP: 15/15 MP: 3/3
   141 | D        | Noticed an oklob sapling
   143 | D        | Killed an oklob sapling
   144 | D        | Reached skill level 9 in Stealth
   144 | D        | Reached XP level 3. HP: 19/19 MP: 4/4
   145 | D        | Noticed a scorpion
   145 | D        | Found the amulet of invisibility {+Inv}
   147 | D        | Killed a scorpion
   148 | D        | Reached skill level 12 in Stealth
   148 | D        | Reached XP level 4. HP: 23/23 MP: 5/5
   273 | D        | Found an opulent altar of Gozag.
   273 | D        | Found a hazy altar of Hepliaklqana.
   273 | D        | Found a burning altar of Makhleb.
   273 | D        | Found a sparkling altar of Nemelex Xobeh.
   273 | D        | Found a snail-covered altar of Cheibriados.
   273 | D        | Found a sacrificial altar of Ru.
   273 | D        | Found a shimmering blue altar of Sif Muna.
   273 | D        | Found a shimmering altar of Xom.
   273 | D        | Found a basalt altar of Yredelemnul.
   274 | D        | Found a viscous altar of Jiyva.
   274 | D        | Found a bloodstained altar of Trog.
   274 | D        | Found an ornate altar of the Wu Jian Council.
   275 | D        | Found an iron altar of Okawaru.
   275 | D        | Found a shadowy altar of Dithmenos.
   275 | D        | Found a glowing silver altar of Zin.
   276 | D        | Found an ancient bone altar of Kikubaaqudgha.
   276 | D        | Found a hide-covered altar of Uskayaw.
   277 | D        | Found a stormy altar of Qazlal.
   277 | D        | Found a white marble altar of Elyvilon.
   277 | D        | Found a glowing golden altar of the Shining One.
   278 | D        | Became a worshipper of Gozag Ym Sagoz the Greedy
   279 | D        | Found a corrupted altar of Lugonu.
   279 | D        | Found a radiant altar of Vehumet.
   283 | D        | Reached skill level 13 in Stealth
   283 | D        | Reached skill level 1 in Evocations
   283 | D        | Reached XP level 5. HP: 28/28 MP: 3/6
   347 | D        | Reached skill level 14 in Stealth
   381 | D        | Slain by a spriggan

Illustrated notes

Levels and vault maps discovered:
D:        dungeon_sprint_fedhas [sprint_temple]

Skill      XL: |  1  2  3  4  5 |
---------------+----------------+-----
Fighting       | 2 3 |  3.3
Dodging        | 2 3 4 |  4.9
Stealth        | 8 9 12 13 14 | 14.0
Short Blades   | 3 |  3.4
Throwing       | 3 |  3.2
Evocations     | 1 2 |  2.3

Action                   |  1- 3 |  4- 6 || total
-------------------------+-------+-------++-------
Melee: Dagger            |     5 |     3 ||     8
Throw: Dart              |     8 |     5 ||    13
 Abil: Evoke Invisibilit |       |     2 ||     2
 Stab: Sleeping          |     2 |     2 ||     4
Armor: Robe              |       |     1 ||     1
Dodge: Dodged            |     4 |       ||     4
